 Dungeon Crawl Stone Soup version 0.27.0-1-g7a089689b8 (webtiles) character file.

Game seed: 2737951180435296503

48 mainiacjoe the Ducker (level 3, -5/16 HPs)
             Began as a Spriggan Ice Elementalist on Aug 16, 2021.
             Was an Initiate of Sif Muna.
             Slain by Grinder (9 damage)
             ... on level 4 of the Dungeon.
             The game lasted 00:08:53 (2801 turns).

mainiacjoe the Ducker (Spriggan Ice Elementalist)   Turns: 2801, Time: 00:08:53

Health: -5/16      AC:  2    Str:  5    XL:     3   Next: 50%
Magic:  13/17      EV: 18    Int: 16    God:    Sif Muna [......]
Gold:   97         SH:  0    Dex: 15    Spells: 1/8 levels left

rFire    . . .     SeeInvis +   b - +0 hunting sling
rCold    + . .     Faith    .   (shield restricted)
rNeg     . . .     Spirit   .   i - +0 robe
rPois    .         Reflect  .   (helmet restricted)
rElec    .         Harm     .   (no cloak)
rCorr    .         Rampage  .   (gloves unavailable)
Will     .....                  (boots unavailable)
Stlth    ++........             (no amulet)
HPRegen  0.05/turn              o - ring of protection from cold
MPRegen  0.15/turn              q - ring of magical power

@: very slightly contaminated, very quick
A: very small, no large weapons, unfitting armour, see invisible, speed 3
a: Renounce Religion


You were on level 4 of the Dungeon.
You worshipped Sif Muna.
Sif Muna was noncommittal.
You visited 1 branch of the dungeon, and saw 4 of its levels.

You collected 181 gold pieces.
You spent 84 gold pieces at shops.

Inventory:

Hand Weapons
 b - a +0 hunting sling (weapon)
 f - a +0 dagger
 m - a +0 short sword
Missiles
 d - 16 sling bullets (quivered ammo)
 e - 86 stones
 g - 10 poisoned darts
 h - 14 bolts
Armour
 i - a +0 robe (worn)
Magical Staves
 a - a staff of cold {!a}
Jewellery
 o - a ring of protection from cold (left hand)
 q - a ring of magical power (right hand)
Scrolls
 l - a scroll of enchant weapon {unknown}
 p - a scroll of enchant armour {unknown}
Potions
 c - a potion of brilliance
 k - 2 potions of curing
 n - a potion of cancellation
 r - a potion of mutation {unknown}


   Skills:
 * Level 3.7 Dodging
 + Level 3.6 Stealth
 + Level 3.1 Spellcasting
 * Level 3.7 Ice Magic


You had one spell level left.
You knew the following spells:

 Your Spells              Type           Power      Damage    Failure   Level
a - Freeze                Ice            56%        1d7       4%          1
b - Frozen Ramparts       Ice            28%        1d4       12%         3
c - Ozocubu's Armour      Ice            14%        N/A       12%         3

Your spell library contained the following spells:

 Spells                   Type           Power      Damage    Failure   Level
 Magic Dart               Conj           8%         1d3       19%         1
 Call Imp                 Summ           2%         N/A       28%         2
 Mephitic Cloud           Conj/Pois/Air  2%         N/A       50%         3
 Hailstorm                Conj/Ice       8%         3d4       65%         4
 Fulminant Prism          Conj/Hex       1%         3d6       88%         4
 Iskenderun's Mystic Bla  Conj/Tloc      2%         2d3       88%         4
 Lee's Rapid Deconstruct  Erth           1%         3d5*      99%         5


Dungeon Overview and Level Annotations

Branches:
Dungeon (4/15)             Temple (0/1) D:4

Altars:
Cheibriados
Kikubaaqudgha
Sif Muna

Shops:
D:3 *[(((

Annotations:
D:4 Grinder


Innate Abilities, Weirdness & Mutations

You are very small and have problems with some larger weapons.
You are too small for most types of armour.
You have supernaturally acute eyesight. (SInv)
You cover ground extremely quickly. (Speed+++)


Message History

The sling bullet closely misses Grinder.
You feel sick.
The kobold throws a poisoned dart.
The poisoned dart completely misses you.
Casting: Freeze (safe; 4% risk of failure)
Confirm with . or Enter, or press ? or * to list all spells.
Aiming: Freeze (safe; 4% risk of failure)
Press: ? - help, Shift-Dir - straight line, f/p - Grinder
Aim: Grinder (moderately wounded)
You miscast Freeze.
You are very lightly contaminated with residual magic.
Nothing appears to happen.
You feel sick. Grinder completely misses you.
Casting: Freeze (safe; 4% risk of failure)
Confirm with . or Enter, or press ? or * to list all spells.
Aiming: Freeze (safe; 4% risk of failure)
Press: ? - help, Shift-Dir - straight line, f/p - Grinder
Aim: Grinder (moderately wounded)
You freeze Grinder but do no damage.
Grinder completely resists.
You feel sick.
The kobold throws a poisoned dart.
The poisoned dart misses you.
The poisoned dart hits Grinder!
Grinder barely misses you.
Unknown command.
Casting: Freeze (safe; 4% risk of failure)
Confirm with . or Enter, or press ? or * to list all spells.
Aiming: Freeze (safe; 4% risk of failure)
Press: ? - help, Shift-Dir - straight line, f/p - Grinder
Aim: Grinder (moderately wounded)
You freeze Grinder but do no damage.
Grinder completely resists.
You feel sick.
The kobold throws a poisoned dart.
The poisoned dart closely misses you.
The poisoned dart closely misses Grinder.
Grinder completely misses you.
Casting: Freeze (safe; 4% risk of failure)
Confirm with . or Enter, or press ? or * to list all spells.
Aiming: Freeze (safe; 4% risk of failure)
Press: ? - help, Shift-Dir - straight line, f/p - Grinder
Aim: Grinder (moderately wounded)
You freeze Grinder but do no damage.
Grinder completely resists.
You feel sick.
You are no longer poisoned.
Grinder barely misses you. Grinder hits you!
Ouch! That really hurt!
You die...

#. ##### #. .....
###.. ##.....
.....###......#
.............
#.#.......(...
##..$.....(##.. ..
.#.w....^...@5(...#
...#....
.$.......).....
.#.....
....K....####..
.o....# ..........
..(.. K#.........#
.(w #.J...........
#)#...##...........
#<..# #..........##
#..##


You could see Grinder and a kobold.

Vanquished Creatures
  An ufetubus (D:4)
  3 orcs (D:3)
  3 ball pythons
  2 bats (D:2)
  3 endoplasms
  3 giant cockroaches (D:3)
  4 goblins
  A hobgoblin (D:1)
  2 jackals (D:1)
  2 frilled lizards
  7 kobolds
  6 rats
37 creatures vanquished.

Vanquished Creatures (others)
  A plant (D:3)
1 creature vanquished.

Grand Total: 38 creatures vanquished

Notes
Turn   | Place    | Note
-------+----------+-------------------------------------------
     0 | D:1      | mainiacjoe the Spriggan Ice Elementalist began the quest
                  | for the Orb.
     0 | D:1      | Reached XP level 1. HP: 9/9 MP: 5/5
   367 | D:1      | Found a faded altar of an unknown god.
   490 | D:1      | Reached XP level 2. HP: 13/13 MP: 4/6
  1138 | D:2      | Found an ancient bone altar of Kikubaaqudgha.
  1598 | D:3      | Found Wudeewk's Antique Weapon Boutique.
  1718 | D:3      | Found Daur's Antique Weapon Emporium.
  1738 | D:3      | Found Uske's Antique Weapon Boutique.
  1780 | D:3      | Reached XP level 3. HP: 16/16 MP: 8/8
  1784 | D:3      | Learned a level 3 spell: Frozen Ramparts
  1788 | D:3      | Learned a level 3 spell: Ozocubu's Armour
  1998 | D:3      | Found Irom's Antique Armour Emporium.
  2005 | D:3      | Found Guri's Assorted Antiques.
  2026 | D:3      | Bought a scroll labelled ZOKIARR CIQU for 29 gold pieces
  2026 | D:3      | Bought a scroll labelled ZOKIARR CIQU for 29 gold pieces
  2026 | D:3      | Bought a bubbling golden potion for 26 gold pieces
  2455 | D:3      | Found a shimmering blue altar of Sif Muna.
  2462 | D:3      | Found an ancient bone altar of Kikubaaqudgha.
  2467 | D:3      | Found a snail-covered altar of Cheibriados.
  2546 | D:3      | Became a worshipper of Sif Muna the Loreminder
  2565 | D:4      | Found a staircase to the Ecumenical Temple.
  2793 | D:4      | Noticed Grinder
  2801 | D:4      | Slain by Grinder

Illustrated notes

Levels and vault maps discovered:
D:1:      co_arrival_random_square_maze, layout_loops_ring,
          ebering_ecumenical_altar_petrified, grunt_decor_fettered
D:2:      layout_rooms, basic_altar, serial_park_tiny_2
D:3:      layout_basic, minmay_overflow_temple_star_quad, serial_shops, shop,
          nicolae_shop_overgrown_old_shop, shop_coins, shop, shop_fountains
D:4:      minmay_evil_eye, layout_rooms, lemuel_round_altar,
          minmay_temple_entry_sparse_star, uniq_pikel, uniq_grinder

Skill      XL: |  1  2 |
---------------+-------+-----
Dodging        | 3 |  3.7
Spellcasting   | 3 |  3.1
Stealth        | |  3.6
Ice Magic      | |  3.7

Action                   || total
-------------------------++-------
Melee: Dagger            ||     2
 Fire: Hunting sling     ||    85
Throw: Stone             ||    24
 Cast: Freeze            ||    23
  Use: Scroll            ||     4
Armor: Robe              ||     6
Dodge: Dodged            ||    44
